 Dungeon Crawl Stone Soup version 0.27-a0-920-gb2bd10914a (webtiles) character file.

Game seed: 1562395214941175880

1901 mhtbhm the Cudgeller (level 9, 0/55 HPs)
             Began as a Gargoyle Berserker on Apr 10, 2021.
             Was an Elder of Trog.
             Slain by an unseen horror (3 damage)
             ... on level 6 of the Dungeon.
             The game lasted 00:07:07 (6770 turns).

mhtbhm the Cudgeller (Gargoyle Berserker)           Turns: 6770, Time: 00:07:07

Health: 0/55       AC: 17    Str: 25    XL:     9   Next: 15%
Magic:  9/9        EV: 10    Int:  7    God:    Trog [****..]
Gold:   251        SH: 10    Dex: 12    Spells: 8/8 levels left

rFire    . . .     SeeInvis .   a - +2 flail (protect)
rCold    + . .     Faith    .   d - +0 kite shield
rNeg     + . .     Spirit   .   b - +1 ring mail of the Slug {rC+ Dex+3}
rPois    ∞         Reflect  .   r - +0 helmet
rElec    +         Harm     .   s - +0 cloak
rCorr    .         Rampage  .   (no gloves)
Will     .....                  t - +0 pair of boots
Stlth    +.........             y - amulet of magic regeneration
HPRegen  0.18/turn              f - ring of flight
MPRegen  0.36/turn              (no ring)

@: flying
A: AC +6, negative energy resistance 1, electricity resistance, torment
resistance 1, unbreathing 1, petrification resistance
a: Renounce Religion, Berserk, Trog's Hand, Brothers in Arms


You were on level 6 of the Dungeon.
You worshipped Trog.
Trog was greatly pleased with you.
You visited 1 branch of the dungeon, and saw 6 of its levels.

You collected 251 gold pieces.

Inventory:

Hand Weapons
 a - a +2 flail of protection (weapon)
Missiles
 q - 5 boomerangs (quivered)
 v - 4 boomerangs of dispersal
Armour
 b - the +1 ring mail of the Slug (worn) {rC+ Dex+3}
   (You found it on level 6 of the Dungeon)

   It affects your dexterity (+3).
   It protects you from cold.
 d - a +0 kite shield (worn)
 r - a +0 helmet (worn)
 s - a +0 cloak (worn)
 t - a +0 pair of boots (worn)
Jewellery
 f - a ring of flight (left hand)
 y - an amulet of magic regeneration (around neck)
Wands
 j - a wand of charming (10)
 k - a wand of acid (8)
Scrolls
 e - 2 scrolls of fog
 g - a scroll of amnesia {unknown}
 h - 2 scrolls of noise {unknown}
 i - a scroll of acquirement {unknown}
 p - a scroll of teleportation {unknown}
 w - a scroll of enchant armour
 z - a scroll of enchant weapon {unknown}
 A - a scroll of identify
 B - a scroll of blinking {unknown}
Potions
 c - a potion of heal wounds
 l - 5 potions of curing
 m - a potion of might {unknown}
 n - a potion of invisibility {unknown}
 o - a potion of lignification {unknown}
 u - 2 potions of flight {unknown}
 x - a potion of attraction {unknown}


   Skills:
 + Level 6.0 Fighting
 + Level 7.9 Maces & Flails
 + Level 5.5 Armour
 + Level 3.6 Dodging
 - Level 1.1 Stealth
 + Level 4.4 Shields


You had 8 spell levels left.
You didn't know any spells.
Your spell library was empty.

Dungeon Overview and Level Annotations

Branches:
Dungeon (6/15)             Temple (0/1) D:5

Altars:
Trog


Innate Abilities, Weirdness & Mutations

Your stone body is resilient. (AC +6)
You are immune to poison.
You resist negative energy. (rN+)
You are resistant to electric shocks. (rElec)
You are resistant to unholy torment.
You can survive without breathing.
You are immune to petrification.


Message History

You swing at nothing.
Something hits you but does no damage.
You closely miss something. Something hits you!
Something hits you but does no damage. Something hits you but does no damage.
Something hits you. Something hits you but does no damage. Something hits you.
Something hits you but does no damage. Something hits you.
Something hits you but does no damage. x2
Something hits you but does no damage. Something hits you but does no damage.
You block something's attack.
Something hits you but does no damage. x2
Something hits you but does no damage.
You swing at nothing.
You block something's attack.
You swing at nothing.
Something hits you but does no damage.
You swing at nothing.
You swing at nothing.
You swing at nothing.
You swing at nothing.
Something hits you but does no damage. x2
You miss something. Something hits you. Something hits you but does no damage.
You swing at nothing.
Something hits you but does no damage.
You swing at nothing.
Something hits you.
You swing at nothing.
Something hits you.
* * * LOW HITPOINT WARNING * * *
Something hits you but does no damage.
You swing at nothing.
Something hits you but does no damage.
You swing at nothing.
Something hits you!
* * * LOW HITPOINT WARNING * * *
You swing at nothing.
Something hits you but does no damage.
You swing at nothing.
Something hits you.
* * * LOW HITPOINT WARNING * * *
You swing at nothing.
You block something's attack.
You swing at nothing.
Something hits you but does no damage.
You closely miss something. Something hits you but does no damage.
You swing at nothing.
Something hits you but does no damage.
You swing at nothing.
Something hits you but does no damage.
You barely miss something. Something hits you but does no damage.
You swing at nothing.
Something hits you.
You die...

#..........# #..##
#..........# ##.# #..........#
#.# .........>## #.#
#........## #.# ##......## #.#
#.....## #.# ##...## #.# ##.##
#@# ### #######.# ........##
.........# ########...### #
#####...######...### ###
#..............#...## ##..
#..............###..### ##...
#...............###...####....


There were no monsters in sight!

Vanquished Creatures
  Sigmund (D:2)
  Edmund (D:4)
  2 black bears
  3 ice beasts
  3 ogres
  A phantom (D:5)
  A bullfrog (D:6)
  2 scorpions
  A wyvern skeleton (D:5)
  A water moccasin skeleton (D:6)
  2 bullfrog zombies
  2 centaur zombies
  2 orc priests (D:5)
  Crazy Yiuf (D:4)
  An orc wizard (D:5)
  An iguana (D:5)
  A hound skeleton (D:4)
  7 gnolls
  7 adders
  3 white imps (D:6)
  2 ufetubi (D:5)
  A worm (D:3)
  3 dart slugs
  15 orcs
  10 ball pythons
  6 endoplasms
  2 giant cockroaches
  14 goblins
  10 hobgoblins
  11 jackals
  9 kobolds
  4 quokkas
  4 bats
  5 frilled lizards
  4 rats
143 creatures vanquished.

Vanquished Creatures (others)
  2 fungi (D:4)
  8 plants (D:1)
10 creatures vanquished.

Grand Total: 153 creatures vanquished

Notes
Turn   | Place    | Note
-------+----------+-------------------------------------------
     0 | D:1      | mhtbhm the Gargoyle Berserker began the quest for the Orb.
     0 | D:1      | Reached XP level 1. HP: 14/14 MP: 1/1
   644 | D:1      | Reached XP level 2. HP: 18/19 MP: 2/2
   765 | D:1      | Reached XP level 3. HP: 21/24 MP: 3/3
  1501 | D:2      | Noticed Sigmund
  1512 | D:2      | Killed Sigmund
  1513 | D:2      | Reached skill level 4 in Maces & Flails
  1513 | D:2      | Reached skill level 1 in Stealth
  1513 | D:2      | Reached XP level 4. HP: 30/30 MP: 4/4
  1513 | D:2      | Reached XP level 5. HP: 34/34 MP: 5/5
  1804 | D:2      | Reached ** piety under Trog
  1813 | D:2      | Reached XP level 6. HP: 30/39 MP: 6/6
  2633 | D:3      | Reached skill level 5 in Maces & Flails
  3236 | D:3      | Reached *** piety under Trog
  3490 | D:4      | Found a runed translucent door.
  3491 | D:4      | Noticed Crazy Yiuf
  3555 | D:4      | Noticed a black bear
  3564 | D:4      | Killed a black bear
  3565 | D:4      | Reached skill level 1 in Shields
  3565 | D:4      | Reached XP level 7. HP: 14/44 MP: 7/7
  3973 | D:4      | Noticed Edmund
  3986 | D:4      | HP: 2/66 [kobold/+0 whip (3)]
  3987 | D:4      | Killed Edmund
  4393 | D:4      | Found a bloodstained altar of Trog.
  4871 | D:4      | Killed Crazy Yiuf
  4959 | D:5      | Entered Level 5 of the Dungeon
  5013 | D:5      | Reached skill level 5 in Fighting
  5013 | D:5      | Reached skill level 6 in Maces & Flails
  5180 | D:5      | Reached **** piety under Trog
  5181 | D:5      | Reached XP level 8. HP: 49/49 MP: 8/8
  5485 | D:5      | Found a staircase to the Ecumenical Temple.
  5766 | D:5      | Reached skill level 7 in Maces & Flails
  5770 | D:5      | Reached skill level 5 in Armour
  6248 | D:6      | Reached XP level 9. HP: 42/55 MP: 9/9
  6505 | D:6      | Identified the +1 ring mail of the Slug {rC+ Dex+3}
  6763 | D:6      | HP: 1/55 [something (5)]
  6770 | D:6      | Slain by an unseen horror

Illustrated notes

Levels and vault maps discovered:
D:1:      sevenhm_arrival_forest_fort_small_3, layout_basic,
          chequers_serial_rivers_small_3, serial_bayou_lagoon_a, st_stairs_6,
          minmay_misc_feat_hallway
D:2:      layout_basic, minmay_indecisive_spiral, uniq_sigmund
D:3:      layout_basic, grunt_decor_fettered, guppyfry_early_orc_mine
D:4:      layout_loops_ring, marbit_many_paths, chequers_arboretum, uniq_edmund,
          uniq_crazy_yiuf_cottage
D:5:      layout_cave_pools, minmay_temple_entry_poolview,
          hangedman_minor_gate_pass
D:6:      layout_cave_pods

Skill      XL: |  1  2  3  4  5  6  7  8  9 |
---------------+----------------------------+-----
Fighting       | 4 5 6 |  6.0
Maces & Flails | 4 5 6 7 |  7.9
Armour         | 3 4 5 |  5.5
Dodging        | 2 3 |  3.6
Stealth        | 1 |  1.1
Shields        | 1 2 4 |  4.4

Action                   |  1- 3 |  4- 6 |  7- 9 || total
-------------------------+-------+-------+-------++-------
Melee: Mace              |    73 |    80 |    51 ||   204
       Flail             |       |   128 |   214 ||   342
Invok: Berserk           |     1 |     1 |     4 ||     6
  Use: Scroll            |       |     2 |     2 ||     4
Armor: Animal skin       |     3 |       |       ||     3
       Ring mail         |    14 |   112 |   106 ||   232
       Scale mail        |       |       |   112 ||   112
       Chain mail        |       |       |    28 ||    28
Dodge: Dodged            |    39 |   141 |   124 ||   304
Block: Kite shield       |       |    53 |   160 ||   213

Table legend: (Time is in decaauts)
 A = Elapsed time spent in this place.
 B = Non-inter-level travel time spent in this place.
 C = Inter-level travel time spent in this place.
 D = Time resting spent in this place.
 E = Time spent auto-exploring this place.
 F = Levels seen in this place.
 G = Mean time per level.
                   A        B        C        D        E       F      G
               +--------+--------+--------+--------+--------+-----+--------+
         Total |   7001 |   6947 |     54 |   1306 |   4045 |   6 | 1166.8 |
       Dungeon |   7001 |   6947 |     54 |   1306 |   4045 |   6 | 1166.8 |
               +--------+--------+--------+--------+--------+-----+--------+

Top non-repeatable levels by time:
     D:4: 1617 daAuts
     D:1: 1536 daAuts
     D:2: 1152 daAuts
     D:5: 1015 daAuts
     D:6: 879 daAuts
     D:3: 799 daAuts
